 Dungeon Crawl Stone Soup version 0.21-a0-396-ga924934 (webtiles) character file.

47286 Spazmo the Thaumaturge (level 14, 0/80 HPs)
             Began as a Deep Elf Fire Elementalist on Oct 18, 2017.
             Was a High Priest of Vehumet.
             Slain by a spiny frog (2 damage)
             ... on level 6 of the Lair of Beasts on Oct 19, 2017.
             The game lasted 01:31:04 (19188 turns).

Spazmo the Thaumaturge (DEFE)                      Turns: 19188, Time: 01:31:06

Health: 0/80       AC: 11    Str:  5    XL:     14   Next: 8%
Magic:  21/43      EV:  2    Int: 26    God:    Vehumet [*****.]
Gold:   1218       SH:  0    Dex: 15    Spells: 10/41 levels left

rFire    . . .     SeeInvis .   m - staff of wizardry
rCold    + + +     Gourm    .   N - +1 buckler {rC+}
rNeg     + + +     Faith    .   t - +2 robe {rC+}
rPois    ∞         Spirit   .   l - +0 helmet
rElec    .         Reflect  .   u - +1 cloak
rCorr    .         Harm     .   (no gloves)
MR       +....                  o - +2 pair of boots {run}
Stlth    ++........             (no amulet)
HPRegen  0.23/turn              W - ring of protection from cold
MPRegen  0.28/turn              E - ring of magical power

@: petrified, quick
A: thin metallic scales 1, deformed body, wild magic 1
a: Renounce Religion


You were on level 6 of the Lair of Beasts.
You worshipped Vehumet.
Vehumet was extremely pleased with you.
You were very hungry.

You visited 3 branches of the dungeon, and saw 16 of its levels.
You also visited: Labyrinth and Ice Cave.

You collected 1218 gold pieces.

Inventory:

Hand Weapons
 w - a +4 scimitar of holy wrath
Missiles
 f - 402 stones (quivered)
Armour
 l - a +0 helmet (worn)
 o - a +2 pair of boots of running (worn)
 t - a +2 robe of cold resistance (worn)
 u - a +1 cloak (worn)
 N - a +1 buckler of cold resistance (worn)
Magical Staves
 m - an uncursed staff of wizardry (weapon)
Jewellery
 E - a ring of magical power (right hand)
 J - an uncursed ring of resist corrosion
 M - an uncursed ring of ice
 P - the ring "Caer" {+Fly rF+ MR- Int+6 Stlth+}
   (You found it in a labyrinth)

   [ring of stealth]

   It affects your intelligence (+6).
   It protects you from fire.
   It affects your resistance to hostile enchantments.
   It lets you fly.
   It makes you more stealthy.
 T - the ring "Gathro Awke" {Ice rN+ Str+4 Dex-5}
   (You found it in a labyrinth)

   [ring of ice]

   It enhances your ice magic.
   It affects your strength (+4).
   It affects your dexterity (-5).
   It makes you vulnerable to fire.
   It protects you from cold.
   It protects you from negative energy.
 W - a ring of protection from cold (left hand)
Wands
 p - a wand of digging (3/24)
 z - a wand of disintegration (16/24)
 B - a wand of lightning (1/15)
 C - a wand of digging (9/24)
 D - a wand of iceblast (5/15)
 O - a wand of random effects (12/48)
 S - a wand of acid (6/15)
Scrolls
 e - 3 scrolls of enchant armour
 i - 3 scrolls of blinking
 q - 11 scrolls of identify
 s - 12 scrolls of remove curse
 v - 7 scrolls of teleportation
 y - 6 scrolls of enchant weapon
 I - a scroll of recharging
 R - a scroll of amnesia
Potions
 a - a potion of resistance
 g - a potion of brilliance
 h - 3 potions of heal wounds
 r - 3 potions of mutation
 F - 5 potions of curing
 V - a potion of ambrosia
Books
 b - a book of Flames

   Spells                             Type                      Level
   a - Flame Tongue                   Conjuration/Fire             1
   b - Throw Flame                    Conjuration/Fire             2
   c - Conjure Flame                  Conjuration/Fire             3
   d - Inner Flame                    Hexes/Fire                   3
   e - Sticky Flame                   Conjuration/Fire             4
   f - Fireball                       Conjuration/Fire             5
 j - a book of Necromancy

   Spells                             Type                      Level
   a - Pain                           Necromancy                   1
   b - Animate Skeleton               Necromancy                   1
   c - Vampiric Draining              Necromancy                   3
   d - Regeneration                   Charms/Necromancy            3
   e - Animate Dead                   Necromancy                   4
   f - Control Undead                 Necromancy                   4
 x - a book of Minor Magic

   Spells                             Type                      Level
   a - Magic Dart                     Conjuration                  1
   b - Blink                          Translocation                2
   c - Call Imp                       Summoning                    2
   d - Slow                           Hexes                        2
   e - Conjure Flame                  Conjuration/Fire             3
   f - Mephitic Cloud                 Conjuration/Poison/Air       3
 A - a book of Callings

   Spells                             Type                      Level
   a - Summon Small Mammal            Summoning                    1
   b - Call Imp                       Summoning                    2
   c - Call Canine Familiar           Summoning                    3
   d - Summon Guardian Golem          Hexes/Summoning              3
   e - Summon Lightning Spire         Summoning/Air                4
   f - Summon Ice Beast               Ice/Summoning                4
 K - a book of Ice

   Spells                             Type                      Level
   a - Ice Form                       Ice/Transmutation            4
   b - Metabolic Englaciation         Hexes/Ice                    5
   c - Ozocubu's Refrigeration        Ice                          6
   d - Bolt of Cold                   Conjuration/Ice              6
   e - Freezing Cloud                 Conjuration/Ice/Air          6
   f - Simulacrum                     Ice/Necromancy               6
 L - a book of Frost

   Spells                             Type                      Level
   a - Freeze                         Ice                          1
   b - Throw Frost                    Conjuration/Ice              2
   c - Ozocubu's Armour               Charms/Ice                   3
   d - Throw Icicle                   Conjuration/Ice              4
   e - Summon Ice Beast               Ice/Summoning                4
Comestibles
 c - 12 bread rations
 k - 9 meat rations


   Skills:
 - Level 6.5 Fighting
 - Level 10.0 Dodging
 - Level 3.0 Stealth
 - Level 4.0 Shields
 + Level 14.3 Spellcasting
 - Level 12.0 Conjurations
 - Level 12.2 Fire Magic
 - Level 11.0 Ice Magic


You had 10 spell levels left.
You knew the following spells:

 Your Spells              Type           Power        Failure   Level  Hunger
a - Flame Tongue          Conj/Fire      #####        1%          1    None
b - Throw Flame           Conj/Fire      ######       1%          2    None
c - Conjure Flame         Conj/Fire      #######.     1%          3    None
d - Sticky Flame          Conj/Fire      #######.     1%          4    None
e - Fireball              Conj/Fire      #######...   1%          5    ##.....
f - Blink                 Tloc           N/A          2%          2    None
g - Magic Dart            Conj           ####         1%          1    None
h - Freeze                Ice            ####         1%          1    None
i - Bolt of Cold          Conj/Ice       #######...   1%          6    ####...
j - Bolt of Fire          Conj/Fire      #######...   1%          6    ####...


Dungeon Overview and Level Annotations

Branches:
Dungeon (9/15)             Temple (1/1) D:5            Lair (6/6) D:8
  Swamp (0/4) Lair:3       Spider (0/4) Lair:2        Slime (0/5) Lair:5
    Orc: D:9-12

Altars:
Ashenzari
Cheibriados
Dithmenos
Elyvilon
Fedhas
Gozag
Hepliaklqana
Kikubaaqudgha
Makhleb
Nemelex Xobeh
Okawaru
Qazlal
Ru
Sif Muna
Trog
Uskayaw
Vehumet
Wu Jian
Xom
Yredelemnul
Zin
The Shining One
Jiyva

Shops:
D:8 *


Innate Abilities, Weirdness & Mutations

You are partially covered in thin metallic scales. (AC +2)
Armour fits poorly on your strangely shaped body.
Your spells are a little harder to cast, but a little more powerful.


Message History

The basilisk bites you.
* * * LOW HITPOINT WARNING * * *
The blink frog blinks!
The polar bear completely misses you. The polar bear claws you.
The polar bear claws you but does no damage.
The spiny frog stings you but does no damage.
The polar bear bites you!
* * * LOW HITPOINT WARNING * * *
The polar bear claws you.
The polar bear claws you but does no damage.
The basilisk gazes at you. You resist with almost no effort.
The spiny frog stings you but does no damage.
The polar bear bites you!!
* * * LOW HITPOINT WARNING * * *
The polar bear barely misses you. The polar bear claws you.
* * * LOW HITPOINT WARNING * * *
The basilisk bites you but does no damage.
The spiny frog stings you.
You die...

#....≈......≈.≈
###....≈..≈≈≈≈≈≈
##........≈≈≈≈≈≈≈
#....≈w≈.≈≈≈≈≈≈≈≈
##...≈P≈..≈≈≈≈P≈≈
#...#....≈≈≈≈≈≈≈P
##P.#...§†≈≈≈≈≈≈≈
#h.#≈÷..≈≈≈≈≈≈≈≈
#.@l..≈.≈≈≈≈≈≈≈≈
#..F...≈≈≈≈≈≈≈≈≈
#......≈≈≈≈≈≈≈≈≈
#....≈.≈≈≈≈≈≈≈≈#
##.P##≈≈≈≈≈≈####
##.###.≈≈#≈##
#...##.######
##÷P######≈≈≈
###÷...#≈.≈≈≈≈


You could see a polar bear (berserk), a spiny frog and a basilisk.

Vanquished Creatures
  A minotaur (Lab)
  The ghost of Spazmo the Geomancer, a journeyman DEFE of Vehumet (Lair:4)
  Erica (Lair:2)
  6 hydras
  A two-headed ogre (D:9)
  An oklob plant (Lair:2)
  A necromancer (IceCv)
  A wolf spider (Lair:2)
  Maurice (D:8)
  A gargoyle (Lab)
  An ice statue (IceCv)
  8 black mambas
  18 spiny frogs
  A rime drake (Lair:5)
  5 komodo dragons
  10 freezing wraiths (IceCv)
  The ghost of bombasticus the Slasher, an amateur MiBe of Trog (D:5)
  3 jumping spiders (Lair:2)
  A polar bear (Lair:5)
  A tyrant leech (Lair:6)
  2 minotaur skeletons (Lab)
  A wolf spider simulacrum (IceCv)
  38 blink frogs
  5 hippogriffs
  4 redbacks (Lair:2)
  A spriggan (D:7)
  3 wyverns
  21 yaks
  4 basilisks
  A steam dragon (Lair:5)
  2 hungry ghosts
  11 vampire mosquitoes
  2 acid dragons (Lair:5)
  13 water moccasins
  8 ice beasts
  9 porcupines
  2 orc warriors
  2 sky beasts
  A black bear (D:6)
  10 wolves
  An alligator simulacrum (IceCv)
  5 ogres
  11 crocodiles
  A centaur (D:5)
  16 bullfrogs
  A gnoll sergeant (D:7)
  2 scorpions
  10 killer bees
  2 troll skeletons (Lab)
  A howler monkey (D:6)
  12 wights
  A lava snake (D:7)
  A bullfrog zombie (D:7)
  4 crimson imps
  6 draconian simulacra (IceCv)
  A gnoll shaman (D:7)
  2 orc priests
  A centaur skeleton (D:8)
  5 hounds
  3 iguanas (D:8)
  23 orc wizards
  9 worker ants
  3 spriggan simulacra (IceCv)
  A polar bear simulacrum (IceCv)
  4 troll simulacra (IceCv)
  A wolf simulacrum (IceCv)
  A centaur simulacrum (IceCv)
  2 ogre skeletons (Lab)
  Robin (D:2)
  A worker ant zombie (D:9)
  8 gnolls (D:7)
  3 naga simulacra (IceCv)
  3 ogre simulacra (IceCv)
  12 adders
  A shadow imp (D:7)
  12 white imps (IceCv)
  2 oozes
  An adder zombie (D:7)
  3 adder skeletons
  A worm (D:2)
  2 dart slugs
  8 leopard geckos
  29 orcs
  7 bats
  4 giant cockroaches
  23 goblins
  5 hobgoblins
  13 jackals
  8 kobolds
  5 quokkas
  3 ball pythons
  3 frilled lizards
  A leopard gecko skeleton (D:4)
  A quokka zombie (D:5)
  6 rats
  A bush (Lair:2)
  A plant (Lair:6)
502 creatures vanquished.

Vanquished Creatures (others)
  20 fungi
  56 plants
76 creatures vanquished.

Grand Total: 578 creatures vanquished

Notes
Turn   | Place    | Note
-------+----------+-------------------------------------------
     0 | D:1      | Spazmo the Deep Elf Fire Elementalist began the quest for the Orb.
     0 | D:1      | Reached XP level 1. HP: 10/10 MP: 6/6
   199 | D:1      | Reached XP level 2. HP: 13/15 MP: 0/8
   280 | D:1      | Learned a level 2 spell: Throw Flame
   814 | D:1      | Reached XP level 3. HP: 19/19 MP: 6/9
  1479 | D:2      | Noticed Robin
  2083 | D:2      | Killed Robin
  2083 | D:2      | Reached XP level 4. HP: 17/24 MP: 5/11
  2088 | D:2      | Reached skill level 4 in Spellcasting
  2269 | D:2      | Learned a level 3 spell: Conjure Flame
  2274 | D:2      | Learned a level 4 spell: Sticky Flame
  3170 | D:3      | Reached XP level 5. HP: 20/28 MP: 2/13
  3375 | D:3      | Noticed an ogre
  3442 | D:3      | Killed an ogre
  3442 | D:3      | Reached skill level 5 in Spellcasting
  3722 | D:4      | Reached XP level 6. HP: 32/32 MP: 12/15
  3734 | D:4      | Learned a level 5 spell: Fireball
  3771 | D:4      | Reached skill level 5 in Fire Magic
  4171 | D:4      | Found a shattered altar of Ashenzari.
  4423 | D:5      | Entered Level 5 of the Dungeon
  4423 | D:5      | Noticed a sky beast
  4427 | D:5      | Killed a sky beast
  4427 | D:5      | Reached skill level 6 in Spellcasting
  4427 | D:5      | Reached XP level 7. HP: 36/36 MP: 10/18
  4436 | D:5      | Gained mutation: Your spells are a little harder to cast, but a little more powerful. [potion of mutation]
  4436 | D:5      | Gained mutation: Armour fits poorly on your strangely shaped body. [potion of mutation]
  4436 | D:5      | Gained mutation: You are partially covered in thin metallic scales. (AC +2) [potion of mutation]
  4611 | D:5      | Found a shadowy altar of Dithmenos.
  4652 | D:5      | Learned a level 2 spell: Blink
  4772 | D:5      | Reached skill level 5 in Conjurations
  4785 | D:5      | Reached skill level 7 in Spellcasting
  4995 | D:5      | Noticed bombasticus's ghost (amateur MiBe)
  5011 | D:5      | Killed bombasticus's ghost
  5011 | D:5      | Reached XP level 8. HP: 41/41 MP: 3/21
  5398 | D:5      | Found a staircase to the Ecumenical Temple.
  5407 | Temple   | Entered the Ecumenical Temple
  5537 | Temple   | Became a worshipper of Vehumet
  5912 | D:6      | Reached skill level 8 in Spellcasting
  5971 | D:6      | Learned a level 1 spell: Magic Dart
  6296 | D:6      | Reached skill level 9 in Spellcasting
  6579 | D:6      | Reached * piety under Vehumet
  6579 | D:6      | Offered knowledge of Sting by Vehumet.
  6634 | D:6      | Reached XP level 9. HP: 45/45 MP: 24/24
  7360 | D:7      | Reached skill level 10 in Spellcasting
  7617 | D:7      | Reached ** piety under Vehumet
  7617 | D:7      | Offered knowledge of Freeze by Vehumet.
  7709 | D:7      | Noticed an eight-headed hydra
  7807 | D:7      | Killed an eight-headed hydra
  7992 | D:7      | Reached skill level 10 in Fire Magic
  8327 | D:7      | Learned a level 1 spell: Freeze
  8372 | D:8      | Reached XP level 10. HP: 50/50 MP: 26/26
  8409 | D:8      | Noticed Maurice
  8424 | D:8      | Reached skill level 1 in Ice Magic
  8437 | D:8      | Killed Maurice
  8437 | D:8      | Reached skill level 1 in Fighting
  8562 | D:8      | Found Ufuefevo's Assorted Antiques.
  8866 | D:8      | Offered knowledge of Dazzling Spray by Vehumet.
  9015 | D:8      | You fall through a shaft!
  9085 | D:9      | Reached skill level 10 in Conjurations
  9225 | D:8      | Found a staircase to the Lair.
  9345 | D:9      | Noticed a two-headed ogre
  9354 | D:9      | Killed a two-headed ogre
  9354 | D:9      | Reached skill level 5 in Dodging
  9510 | D:9      | Reached *** piety under Vehumet
 10017 | Lair:1   | Entered Level 1 of the Lair of Beasts
 10017 | Lair:1   | Found a frozen archway.
 10067 | IceCv    | Entered an ice cave
 10069 | IceCv    | Offered knowledge of Fulminant Prism by Vehumet.
 10147 | IceCv    | Reached XP level 11. HP: 62/62 MP: 26/27
 10200 | IceCv    | Reached skill level 5 in Fighting
 10413 | IceCv    | Noticed a necromancer
 10415 | IceCv    | Killed a necromancer
 10417 | IceCv    | Reached **** piety under Vehumet
 10543 | IceCv    | Offered knowledge of Irradiate by Vehumet.
 10749 | IceCv    | Reached skill level 1 in Shields
 10898 | IceCv    | Found an ancient bone altar of Kikubaaqudgha.
 11338 | Lair:1   | Reached skill level 10 in Dodging
 11404 | Lair:1   | Reached ***** piety under Vehumet
 11617 | Lair:2   | Offered knowledge of Olgreb's Toxic Radiance by Vehumet.
 11752 | Lair:2   | Learned a level 6 spell: Bolt of Cold
 11786 | Lair:2   | Reached skill level 5 in Ice Magic
 11788 | Lair:2   | Found a hole to the Spider Nest.
 11865 | Lair:2   | Reached XP level 12. HP: 71/71 MP: 28/28
 11903 | Lair:2   | Noticed Erica
 11905 | Lair:2   | Killed Erica
 12664 | Lair:3   | Found a staircase to the Swamp.
 13090 | Lair:3   | Reached skill level 11 in Spellcasting
 13746 | Lair:4   | Noticed a seven-headed hydra
 13834 | Lair:3   | Killed a seven-headed hydra
 14152 | Lair:4   | Found a labyrinth entrance.
 14161 | Lab      | Entered a labyrinth
 14321 | Lab      | Reached skill level 12 in Spellcasting
 15006 | Lab      | Found an exit through the horrors of the Abyss.
 15359 | Lab      | Noticed a minotaur
 15362 | Lab      | Killed a minotaur
 15368 | Lab      | Found the +5 demon whip "Spellbinder" {antimagic, MR+}
 15368 | Lab      | Got a translucent marble ring
 15368 | Lab      | Got a bound platinum ring
 15402 | Lair:4   | Identified a scroll of acquirement
 15414 | Lair:4   | Identified a +1 pair of boots of running (You acquired it on level 4 of the Lair of Beasts)
 15433 | Lair:4   | Identified the ring "Caer" {+Fly rF+ MR- Int+6 Stlth+} (You found it in a labyrinth)
 15434 | Lair:4   | Identified the ring "Gathro Awke" {Ice rN+ Str+4 Dex-5} (You found it in a labyrinth)
 15490 | Lair:4   | Reached XP level 13. HP: 75/75 MP: 11/31
 15670 | Lair:4   | Noticed Spazmo's ghost (journeyman DEFE)
 15726 | Lair:4   | Reached skill level 13 in Spellcasting
 15783 | Lair:4   | Offered knowledge of Bolt of Fire by Vehumet.
 15791 | Lair:4   | Learned a level 6 spell: Bolt of Fire
 16083 | Lair:4   | Killed Spazmo's ghost
 17076 | Lair:5   | Found a staircase to the Slime Pits.
 17076 | Lair:5   | Found a viscous altar of Jiyva.
 17729 | Lair:6   | Entered Level 6 of the Lair of Beasts
 18310 | Lair:6   | Reached skill level 10 in Ice Magic
 18824 | Lair:6   | Reached XP level 14. HP: 62/80 MP: 10/33
 18845 | Lair:5   | Reached skill level 14 in Spellcasting
 19188 | Lair:6   | HP: 2/80 [polar bear (3)]
 19188 | Lair:6   | Slain by a spiny frog

Vault maps used:
D:1:      lemuel_arrival_broad_hall, serial_glass, glass_columns_a,
          glass_columns_a, feat_on_display
D:2:      st_stairs_2, uniq_robin
D:3:      minivault_14, minmay_ogre_servants
D:4:      kennysheep_little_box
D:5:      lemuel_temple_firewalk_b, basic_altar, first_bread,
          minmay_a_box_with_orc_wizards_in_it
D:6:      lemuel_ice_spiral_2
D:7:      minmay_flawed_box, the_bakery, kennysheep_another_room
D:8:      lair_entry_dummy, serial_shops, nicolae_shop_overgrown_old_shop,
          uniq_maurice
D:9:      dk_noncrumbling_4
Temple:   kilobyte_greek_temple
Lair:1:   portal_ice_cave_entry_pillars_2
Lair:2:   minmay_lair_venomous_thicket, nicolae_spider_entry_tight_spaces,
          minmay_lair_oklob_items, uniq_erica
Lair:3:   minmay_swamp_entry_swarm, grunt_megastairs_2, lemuel_fruit_tree
Lair:4:   lab_entry_generic, bh_chokoban, serial_bayou_shore_b,
          grunt_megastairs_3
Lair:5:   slime_altar_1, guppyfry_lair_drakes
Lair:6:   minmay_lair_end_frog_pond
Lab:      lab_block, labyrinth_fake_exit, nicolae_lab_lava,
          nicolae_lab_starburst, nicolae_lab_stuck, nicolae_lab_grate_2,
          labyrinth_skeletal_remains, nicolae_lab_t_cross, labyrinth_glass_1,
          nicolae_lab_diamond, nicolae_lab_x, nicolae_lab_swirl
IceCv:    ice_cave_small_necro

Skill      XL: |  1  2  3  4  5  6  7  8  9 10 11 12 13 14 |
---------------+-------------------------------------------+-----
Stealth        | 3 |  3.0
Dodging        | 3 7 10 | 10.0
Conjurations   | 2 3 4 5 7 9 10 11 12 | 12.0
Spellcasting   | 4 5 6 7 9 10 12 13 14 | 14.3
Fire Magic     | 4 5 6 8 10 12 | 12.2
Ice Magic      | 2 5 8 11 | 11.0
Fighting       | 4 6 |  6.5
Shields        | 4 |  4.0

Action                   |  1- 3 |  4- 6 |  7- 9 | 10-12 | 13-15 || total
-------------------------+-------+-------+-------+-------+-------++-------
Melee: Unarmed           |     6 |       |       |       |       ||     6
       Staff             |       |     1 |     3 |     4 |     2 ||    10
 Cast: Flame Tongue      |    89 |   130 |   221 |   357 |   228 ||  1025
       Conjure Flame     |       |     1 |     6 |     4 |     3 ||    14
       Throw Flame       |       |     3 |    12 |    48 |    27 ||    90
       Sticky Flame      |       |     2 |    22 |    51 |    58 ||   133
       Magic Dart        |       |       |    11 |    27 |       ||    38
       Fireball          |       |       |     4 |    45 |    14 ||    63
       Bolt of Cold      |       |       |       |    22 |     2 ||    24
       Blink             |       |       |       |     5 |     3 ||     8
       Bolt of Fire      |       |       |       |       |    18 ||    18
Evoke: Wand              |       |       |       |     4 |       ||     4
  Use: Scroll            |     2 |     3 |     9 |    11 |     2 ||    27
       Potion            |       |     2 |     4 |     2 |       ||     8
  Eat: Chunk             |     3 |     7 |    12 |    20 |     8 ||    50
       Fruit             |       |       |     2 |    14 |     2 ||    18
       Royal jelly       |       |       |       |     1 |     3 ||     4
Armor: Robe              |    13 |     8 |    25 |    29 |    35 ||   110
Dodge: Dodged            |    42 |    14 |    56 |   106 |    83 ||   301
Block: Buckler           |       |       |       |    28 |    21 ||    49

Table legend:
 A = Spawn XP
 B = Non-spawn XP
 C = Spawn XP percentage of total XP
 D = Spawn monster count
 E = Non-spawn monster count
 F = Spawn count percentage of total count
 G = Total turns spent on level
                    A         B        C        D         E        F      G
               +---------+---------+-------+---------+---------+-------+---------
         Total |       0 |   67552 |   0.0 |       0 |     500 |   0.0 | 19188
               +---------+---------+-------+---------+---------+-------+---------
           D:1 |       0 |      59 |   0.0 |       0 |      28 |   0.0 |  1765
           D:2 |       0 |      75 |   0.0 |       0 |      25 |   0.0 |   950
           D:3 |       0 |     211 |   0.0 |       0 |      35 |   0.0 |   924
           D:4 |       0 |     277 |   0.0 |       0 |      19 |   0.0 |   784
           D:5 |       0 |    1027 |   0.0 |       0 |      24 |   0.0 |  1061
           D:6 |       0 |    1182 |   0.0 |       0 |      26 |   0.0 |  1331
           D:7 |       0 |    2638 |   0.0 |       0 |      39 |   0.0 |  1364
           D:8 |       0 |    1647 |   0.0 |       0 |      23 |   0.0 |   812
           D:9 |       0 |    2146 |   0.0 |       0 |      24 |   0.0 |   857
        Lair:1 |       0 |    3246 |   0.0 |       0 |      18 |   0.0 |   539
        Lair:2 |       0 |    6423 |   0.0 |       0 |      27 |   0.0 |  1083
        Lair:3 |       0 |    6650 |   0.0 |       0 |      32 |   0.0 |  1380
        Lair:4 |       0 |   10310 |   0.0 |       0 |      35 |   0.0 |  1432
        Lair:5 |       0 |    8218 |   0.0 |       0 |      30 |   0.0 |  1820
        Lair:6 |       0 |   14221 |   0.0 |       0 |      51 |   0.0 |   704
           Lab |       0 |    2650 |   0.0 |       0 |      10 |   0.0 |  1222
         IceCv |       0 |    6572 |   0.0 |       0 |      54 |   0.0 |   991
               +---------+---------+-------+---------+---------+-------+---------
